 Dungeon Crawl Stone Soup version 0.27-a0-1302-g7736ffe575 (webtiles) character file.

Game seed: 10483244758320934703

52 BlueGoblin the Skirmisher (level 3, 0/31 HPs)
             Began as a Palentonga Fighter on June 18, 2021.
             Killed from afar by Sigmund (6 damage)
             ... with a puff of flame
             ... on level 3 of the Dungeon.
             The game lasted 00:03:41 (2193 turns).

BlueGoblin the Skirmisher (Palentonga Fighter)      Turns: 2193, Time: 00:03:44

Health: 0/31       AC:  8    Str: 20    XL:     3   Next: 60%
Magic:  3/3        EV:  5    Int:  8    God:
Gold:   31         SH:  9    Dex: 15    Spells: 2/2 levels left

rFire    . . .     SeeInvis +   a - +0 long sword
rCold    . . .     Faith    .   c - +0 kite shield
rNeg     . . .     Spirit   .   b - +0 scale mail
rPois    .         Reflect  .   k - +1 helmet
rElec    .         Harm     .   (no cloak)
rCorr    .         Rampage  .   (no gloves)
Will     .....                  (no barding)
Stlth    ..........             (no amulet)
HPRegen  0.10/turn              f - +6 ring of dexterity
MPRegen  0.08/turn              (no ring)

@: no status effects
A: large, rugged brown scales 3, see invisible, deformed body, roll 1, armoured
tail
a: Rolling Charge


You were on level 3 of the Dungeon.
You visited 1 branch of the dungeon, and saw 3 of its levels.

You collected 31 gold pieces.

Inventory:

Hand Weapons
 a - a +0 long sword (weapon)
Missiles
 i - 4 atropa-tipped darts
Armour
 b - a +0 scale mail (worn)
 c - a +0 kite shield (worn)
 k - a +1 helmet (worn)
Jewellery
 f - a +6 ring of dexterity (left hand)
Scrolls
 e - a scroll of identify
Potions
 d - a potion of might
 g - a potion of haste
 l - a potion of flight


   Skills:
 + Level 3.3 Fighting
 + Level 2.7 Long Blades
 + Level 2.8 Armour
 + Level 0.1 Dodging
 + Level 2.9 Shields


You had 2 spell levels left.
You didn't know any spells.
Your spell library contained the following spells:

 Spells                   Type           Power      Damage    Failure   Level
 Animate Skeleton         Necr           0%         N/A       99%         1
 Apportation              Tloc           0%         N/A       99%         1
 Corona                   Hex            0%         N/A       99%         1
 Summon Small Mammal      Summ           0%         N/A       99%         1


Dungeon Overview and Level Annotations

Branches:
Dungeon (3/15)

Altars:

Annotations:
D:3 Sigmund


Innate Abilities, Weirdness & Mutations

You are completely covered in rugged brown scales. (AC +3, +7% HP)
You have supernaturally acute eyesight. (SInv)
Armour fits poorly on your strangely shaped body.
You can roll at nearby foes to attack.
You have a long armoured tail.


Message History

You block the endoplasm's attack.
You slash the endoplasm!
You kill the endoplasm!
There is a stone staircase leading up here.
You start waiting.
Done waiting.
There is a stone staircase leading up here.
You start waiting.
Sigmund is nearby!
You don't know any spells.
Unknown command.
There's nothing you can charge at!
Unknown command.
As you read the scroll labelled KIZAEKIOPS, it crumbles to dust.
You hear a loud clanging noise!
It was a scroll of noise.
You hear a shout! x3
Sigmund gestures at you while chanting. You resist with significant effort.
You block Sigmund's attack.
You hit Sigmund.
Sigmund is lightly wounded.
You block Sigmund's attack. Sigmund hits you but does no damage.
You closely miss Sigmund.
Sigmund is lightly wounded.
Sigmund hits you with a +0 scythe!
You hit Sigmund.
Sigmund is moderately wounded.
You block Sigmund's attack. Sigmund barely misses you.
You hit Sigmund but do no damage.
Sigmund is moderately wounded.
Sigmund gestures at you while chanting. The magic dart hits you!
You closely miss Sigmund. You tail-slap Sigmund!
Sigmund is heavily wounded.
Sigmund hits you with a +0 scythe!
* * * LOW HITPOINT WARNING * * *
Sigmund gestures at you while chanting. The puff of flame hits you.
You die...

#.# #.# #.#
#.# ... #.#
#@#
#@#####.##.
#.<........
#######.##.


You could see Sigmund.

Vanquished Creatures
  An adder (D:2)
  2 dart slugs (D:2)
  5 endoplasms
  4 goblins
  4 hobgoblins
  2 quokkas (D:1)
  3 ball pythons
  7 bats
  2 frilled lizards (D:1)
  2 kobolds
  4 rats
36 creatures vanquished.

Notes
Turn   | Place    | Note
-------+----------+-------------------------------------------
     0 | D:1      | BlueGoblin the Palentonga Fighter began the quest for the
                  | Orb.
     0 | D:1      | Reached XP level 1. HP: 19/19 MP: 1/1
   299 | D:1      | Reached XP level 2. HP: 25/25 MP: 2/2
  1032 | D:2      | Reached XP level 3. HP: 31/31 MP: 3/3
  2003 | D:3      | Noticed Sigmund
  2193 | D:3      | Killed from afar by Sigmund

Illustrated notes

Levels and vault maps discovered:
D:1:      lightli_molten_gateway, layout_loops_ring
D:2:      layout_loops_corners, corexii_leaking_fountain
D:3:      minmay_octagon_keep, layout_loops_ring, uniq_sigmund

Action                   || total
-------------------------++-------
Melee: Long sword        ||    83
       Tailslap          ||    11
  Use: Scroll            ||     5
Armor: Scale mail        ||    34
Dodge: Dodged            ||    15
Block: Kite shield       ||    43
       Rpst.: Long sword ||     6

Table legend: (Time is in decaauts)
 A = Elapsed time spent in this place.
 B = Non-inter-level travel time spent in this place.
 C = Inter-level travel time spent in this place.
 D = Time resting spent in this place.
 E = Time spent auto-exploring this place.
 F = Levels seen in this place.
 G = Mean time per level.
                   A        B        C        D        E       F      G
               +--------+--------+--------+--------+--------+-----+--------+
         Total |   2235 |   2110 |    125 |    278 |   1502 |   3 |  745.0 |
       Dungeon |   2235 |   2110 |    125 |    278 |   1502 |   3 |  745.0 |
               +--------+--------+--------+--------+--------+-----+--------+

Top non-repeatable levels by time:
     D:2: 1084 daAuts
     D:1: 966 daAuts
     D:3: 184 daAuts
